 Dungeon Crawl Stone Soup version 0.23.2-40-g277498a001 (webtiles) character file.

Game seed: 3082073013809233108

67043 Exodus22XD the Eclecticist (level 14, -4/68 HPs)
             Began as a Deep Elf Wizard on Sept 22, 2019.
             Was a High Priest of Vehumet.
             Slain by a +3 vampiric halberd (20 damage)
             ... on level 1 of the Elven Halls on Sept 23, 2019.
             The game lasted 04:30:07 (29712 turns).

Exodus22XD the Eclecticist (Deep Elf Wizard)       Turns: 29712, Time: 04:30:08

Health: -4/68      AC: 17    Str:  4    XL:     14   Next: 81%
Magic:  1/35       EV: 23    Int: 29    God:    Vehumet [*****.]
Gold:   1444       SH:  0    Dex: 18    Spells: 3/43 levels left

rFire    . . .     SeeInvis .   F - staff of energy
rCold    . . .     Gourm    +   (no shield)
rNeg     . . .     Faith    .   R - +0 steam dragon scales
rPois    .         Spirit   .   O - +0 helmet
rElec    .         Reflect  .   o - +2 cloak {+Inv}
rCorr    .         Harm     .   h - +0 pair of gloves
MR       ++...                  S - +0 pair of boots
Stlth    ++++......             v - amulet of the gourmand
HPRegen  0.21/turn              k - +6 ring of protection
MPRegen  0.24/turn              C - ring of protection from magic

@: agile, drained, deflect missiles
A: no striking features
a: Renounce Religion, Evoke Invisibility


You were on level 1 of the Elven Halls.
You worshipped Vehumet.
Vehumet was extremely pleased with you.
You were completely stuffed.

You visited 5 branches of the dungeon, and saw 20 of its levels.
You also visited: Gauntlet.

You collected 1796 gold pieces.
You spent 352 gold pieces at shops.

Inventory:

Hand Weapons
 t - a +0 rapier
 u - a +5 flail of protection
Armour
 h - a +0 pair of gloves (worn)
 o - a +2 cloak of invisibility (worn)
 p - the +3 hat of Pondering {ponderous, MR+ MP+10 Int+5}
   (You took it off Gastronok on level 2 of the Lair of Beasts)

   It affects your intelligence (+5).
   It affects your resistance to hostile enchantments.
   It affects your magic capacity (+10).
 D - a scarf of cloud immunity
 O - a +0 helmet (worn)
 R - +0 steam dragon scales (worn)
 S - a +0 pair of boots (worn)
 V - a scarf of spirit shield
Magical Staves
 a - an uncursed staff of summoning
 F - an uncursed staff of energy (weapon)
Jewellery
 k - a +6 ring of protection (left hand)
 v - an amulet of the gourmand (around neck)
 C - a ring of protection from magic (right hand)
 M - an uncursed ring of wizardry
 Q - an uncursed ring of positive energy
Wands
 f - a wand of random effects (44)
 L - a wand of paralysis (4)
 P - a wand of polymorph (11)
Scrolls
 c - 2 scrolls of teleportation
 g - 3 scrolls of magic mapping
 l - a scroll of enchant armour
 m - 9 scrolls of remove curse
 s - 4 scrolls of enchant weapon
 w - a scroll of holy word
 y - a scroll of amnesia
 A - 4 scrolls of torment
 B - 4 scrolls of immolation
 H - a scroll of vulnerability
 I - 2 scrolls of fear
 K - a scroll of fog {unknown}
Potions
 b - a potion of might {unknown}
 e - 4 potions of curing
 i - 2 potions of lignification
 j - 2 potions of cancellation
 q - a potion of agility
 r - 3 potions of haste {unknown}
 x - 2 potions of brilliance
 z - 2 potions of magic {unknown}
 E - 2 potions of degeneration {unknown}
 G - a potion of invisibility {unknown}
 N - 2 potions of flight {unknown}
 T - 2 potions of berserk rage {unknown}
Miscellaneous
 n - a crystal ball of energy
Comestibles
 d - 42 rations


   Skills:
 - Level 8.2(7.5) Dodging
 - Level 3.8(3.2) Stealth
 - Level 15.0(14.1) Spellcasting
 * Level 13.1(12.3) Conjurations
 - Level 6.9(6.2) Hexes
 - Level 10.5(9.7) Charms
 - Level 7.0(6.3) Summonings
 - Level 1.1(0.5) Translocations
 - Level 10.0(9.2) Air Magic
 - Level 10.0(9.2) Earth Magic
 - Level 10.1(9.3) Evocations


You had 3 spell levels left.
You knew the following spells:

 Your Spells              Type           Power        Failure   Level  Hunger
a - Magic Dart            Conj           ####         0%          1    None
b - Call Imp              Summ           ######..     1%          2    None
c - Blink                 Tloc           N/A          3%          2    None
d - Conjure Flame         Conj/Fire      ######..     1%          3    None
e - Mephitic Cloud        Conj/Pois/Air  ######..     1%          3    None
f - Searing Ray           Conj           ######       0%          2    None
g - Stone Arrow           Conj/Erth      ######       1%          3    None
h - Throw Icicle          Conj/Ice       ######..     1%          4    None
i - Cause Fear            Hex            ######....   1%          4    None
j - Deflect Missiles      Chrm/Air       ######....   8%          6    None
k - Lee's Rapid Deconstr  Erth           ######....   1%          5    None
l - Lightning Bolt        Conj/Air       ######....   1%          5    None

Your spell library contained the following spells:

 Spells                   Type           Power        Failure   Level  Hunger
 Apportation              Tloc           ###...       1%          1    None
 Confusing Touch          Hex            ######       1%          1    None
 Summon Small Mammal      Summ           ####         1%          1    None
 Slow                     Hex            ######..     1%          2    None
 Animate Skeleton         Necr           N/A          2%          1    None
 Beastly Appendage        Tmut           ###...       2%          1    None
 Sticks to Snakes         Tmut           ###.....     3%          2    None
 Spider Form              Tmut/Pois      ###.......   8%          3    None
 Silence                  Hex/Air        ######....   2%          5    None
 Yara's Violent Unravell  Hex/Tmut       #####.....   5%          5    None
 Ice Form                 Ice/Tmut       ###.....     24%         4    None
 Blade Hands              Tmut           ###.......   56%         5    None
 Discord                  Hex            ######....   100%        8    None


Dungeon Overview and Level Annotations

Branches:
Dungeon (10/15)            Temple (1/1) D:4            Lair (6/6) D:8
 Shoals (0/4) Lair:3        Snake (0/4) Lair:4        Slime (0/5) Lair:6
    Orc (2/2) D:10            Elf (1/3) Orc:2

Altars:
Ashenzari
Cheibriados
Dithmenos
Fedhas
Gozag
Hepliaklqana
Makhleb
Nemelex Xobeh
Qazlal
Ru
Sif Muna
Trog
Uskayaw
Vehumet
Wu Jian
Xom
Yredelemnul
Zin

Shops:
D:10 *   Orc:1 (   Orc:2 (}}%?

Annotations:
Elf:1 Asterion


Message History

The stone arrow hits the +3 vampiric halberd!
The +3 vampiric halberd is almost destroyed.
The +3 vampiric halberd hits you but does no damage.
The +3 vampiric halberd hits you but does no damage.
The +3 vampiric halberd barely misses you.
The +3 vampiric halberd hits you but does no damage.
The +3 vampiric halberd hits you from afar!!
* * * LOW HITPOINT WARNING * * *
The +3 vampiric halberd draws strength from your wounds!
Casting: Stone Arrow (safe; 1% risk of failure)
Confirm with . or Enter, or press ? or * to list all spells.
You blink.
Okay, then.
The +3 vampiric halberd hits you from afar.
* * * LOW HITPOINT WARNING * * *
The +3 vampiric halberd draws strength from your wounds!
Okay, then.
You feel agile all of a sudden.
The +3 vampiric halberd hits you from afar!!
You die...

######...........#
.....#..#######..#
.....#..#.....#..#
.....'..#...(.#..#
######..#.....#..#
........#.....#..#
......).#.....#..#
..#'##..'.....#..#
..#..#..#.....#.@#
..'..#..#...^.#..#
..#..#..#.....#.(#
..#..#..#.....#..#
..# .#..#'#####..#
..####...........#
.................#
........###+###..#
........#... #..#


You could see a +3 vampiric halberd.

Vanquished Creatures
  Kirke (Lair:5)
  Gastronok (Lair:2)
  An orc warlord (Orc:1)
  Harold (D:8)
  4 hydras
  3 dancing weapons (Elf:1)
  9 death yaks
  4 orc high priests
  Sonja (D:10)
  4 deep elf knights (Elf:1)
  An unseen horror (D:10)
  5 deep elf archers (Elf:1)
  5 orc knights (Orc:2)
  A faun (Lair:5)
  A lindwurm (Lair:4)
  A manticore (Lair:3)
  4 orc sorcerers (Orc:2)
  8 deep elf magi (Elf:1)
  Maurice (D:10)
  4 elephants (Lair:4)
  2 torpor snails
  A water nymph (shapeshifter) (Elf:1)
  3 black mambas
  8 komodo dragons
  10 spiny frogs
  A rime drake (Lair:5)
  A tengu conjurer (D:10)
  A queen bee (shapeshifter) (Elf:1)
  9 polar bears (Lair:6)
  3 trolls
  5 raiju (Lair:6)
  7 hippogriffs
  9 dream sheep
  12 blink frogs
  A slime creature (D:8)
  2 wyverns
  2 water elementals (Elf:1)
  20 yaks
  A fire elemental (Elf:1)
  Grum (D:10)
  A steam dragon (Lair:4)
  2 hungry ghosts (D:7)
  9 wargs
  Edmund (D:5)
  7 water moccasins
  6 porcupines
  An ice beast (D:8)
  12 hell hounds (Lair:6)
  21 orc warriors
  A sky beast (D:8)
  13 black bears
  3 phantoms
  48 wolves
  A centaur (D:10)
  5 ogres
  7 crocodiles
  2 earth elementals (Elf:1)
  9 bullfrogs
  3 scorpions
  2 electric eels (Lair:1)
  4 wights (D:7)
  A howler monkey (D:9)
  4 crimson imps
  14 jellies
  A centaur zombie (D:5)
  A bullfrog zombie (D:8)
  3 hounds (D:8)
  24 orc priests
  A bullfrog skeleton (D:10)
  4 worker ants
  An iguana (D:8)
  18 orc wizards
  A hound zombie (D:5)
  A hound skeleton (D:6)
  7 gnolls
  A howler monkey skeleton (D:9)
  6 adders
  2 shadow imps
  18 oozes
  An adder zombie (D:2)
  2 adder skeletons
  A worm (D:5)
  A dart slug (D:1)
  2 leopard geckos
  58 orcs
  4 giant cockroaches
  8 goblins
  3 hobgoblins
  13 jackals
  11 kobolds
  4 quokkas
  5 bats
  4 frilled lizards
  A giant cockroach zombie (D:5)
  A jackal zombie (D:5)
  A quokka zombie (D:5)
  10 rats
  A plant (Lair:6)
556 creatures vanquished.

Vanquished Creatures (collateral kills)
  Duvessa (D:4)
  A phantom (D:7)
  2 bullfrogs (Lair:1)
  Dowan (D:4)
  2 worker ants (D:4)
7 creatures vanquished.

Vanquished Creatures (others)
  3 dream sheep (Lair:5)
  A water elemental (Elf:1)
  5 humans (Lair:5)
  A wolf (Lair:5)
  2 demonic plants (Gauntlet)
  15 fungi
  13 plants
40 creatures vanquished.

Grand Total: 603 creatures vanquished

Notes
Turn   | Place    | Note
-------+----------+-------------------------------------------
     0 | D:1      | Exodus22XD the Deep Elf Wizard began the quest for the Orb.
     0 | D:1      | Reached XP level 1. HP: 10/10 MP: 7/7
   156 | D:1      | Reached XP level 2. HP: 9/15 MP: 0/9
   659 | D:1      | Reached XP level 3. HP: 19/19 MP: 3/10
  1038 | D:2      | Found a hazy altar of Hepliaklqana.
  1491 | D:2      | Reached XP level 4. HP: 24/24 MP: 7/12
  1498 | D:2      | Learned a level 2 spell: Call Imp
  1501 | D:2      | Learned a level 2 spell: Blink
  1513 | D:2      | Learned a level 3 spell: Conjure Flame
  1517 | D:2      | Learned a level 3 spell: Mephitic Cloud
  2039 | D:3      | Found a sacrificial altar of Ru.
  2645 | D:4      | Noticed an ogre
  2663 | D:4      | Killed an ogre
  2663 | D:4      | Reached XP level 5. HP: 28/28 MP: 1/13
  2682 | D:4      | Noticed Duvessa
  2800 | D:4      | Found a staircase to the Ecumenical Temple.
  2809 | Temple   | Entered the Ecumenical Temple
  2846 | Temple   | Became a worshipper of Vehumet
  3054 | D:4      | Found a blossoming altar of Fedhas.
  3057 | D:4      | Found a shimmering altar of Xom.
  3291 | D:4      | Noticed Dowan
  3468 | D:5      | Entered Level 5 of the Dungeon
  3510 | D:4      | Killed Dowan
  3510 | D:4      | Reached skill level 5 in Spellcasting
  3706 | D:4      | Killed Duvessa
  3706 | D:4      | Reached skill level 6 in Spellcasting
  3706 | D:4      | Reached XP level 6. HP: 32/32 MP: 0/17
  4158 | D:4      | Reached skill level 5 in Conjurations
  4219 | D:5      | Noticed Edmund
  4230 | D:5      | Killed Edmund
  4425 | D:5      | Reached XP level 7. HP: 36/36 MP: 10/18
  5624 | D:6      | Reached * piety under Vehumet
  5624 | D:6      | Offered knowledge of Sandblast by Vehumet.
  5930 | D:6      | Reached XP level 8. HP: 41/41 MP: 2/19
  7100 | D:7      | Reached skill level 10 in Conjurations
  7301 | D:7      | Reached skill level 7 in Spellcasting
  7587 | D:7      | Reached skill level 8 in Spellcasting
  7675 | D:7      | Reached skill level 9 in Spellcasting
  7693 | D:7      | Noticed a hippogriff
  7702 | D:7      | Killed a hippogriff
  7702 | D:7      | Reached XP level 9. HP: 35/45 MP: 8/24
  7714 | D:7      | Reached skill level 10 in Spellcasting
  7914 | D:7      | Found a bloodstained altar of Trog.
  7977 | D:8      | Found a staircase to the Lair.
  8218 | D:8      | Offered knowledge of Throw Flame by Vehumet.
  8218 | D:8      | Reached skill level 11 in Spellcasting
  8375 | D:8      | Reached ** piety under Vehumet
  8499 | D:8      | Reached skill level 12 in Spellcasting
  8663 | D:8      | Found a basalt altar of Yredelemnul.
  9143 | D:8      | Reached skill level 13 in Spellcasting
  9457 | D:8      | Noticed Harold
  9469 | D:8      | Got a fine trident
  9473 | D:8      | Identified the +6 trident of Famine {antimagic, rC+ MP+9
                  | Int+6} (You found it on level 8 of the Dungeon)
 10137 | D:8      | Killed Harold
 10137 | D:8      | Reached XP level 10. HP: 50/50 MP: 4/29
 10277 | Lair:1   | Entered Level 1 of the Lair of Beasts
 10529 | Lair:1   | Found a gate leading to a gauntlet.
 10538 | Gauntlet | Entered a Gauntlet
 10538 | Gauntlet | Found a transporter.
 10538 | Gauntlet | Found a transporter.
 10538 | Gauntlet | Noticed an oklob plant
 10539 | Gauntlet | Found a transporter.
 10539 | Gauntlet | Found a transporter.
 10542 | Gauntlet | Found a transporter.
 10542 | Gauntlet | Found a transporter.
 10554 | Gauntlet | Found a transporter.
 10556 | Gauntlet | Found a transporter.
 10560 | Gauntlet | Noticed a wizard
 10566 | Gauntlet | Found a transporter.
 10568 | Gauntlet | Noticed a sea snake
 10571 | Gauntlet | Found a transporter.
 10572 | Gauntlet | Noticed a mana viper
 10572 | Gauntlet | a sea snake changed into a mana viper
 10574 | Gauntlet | Noticed a sea snake
 10574 | Gauntlet | a mana viper changed into a sea snake
 10577 | Gauntlet | Noticed a two-headed ogre
 10577 | Gauntlet | a sea snake changed into a two-headed ogre
 10579 | Gauntlet | Noticed an elephant
 10579 | Gauntlet | a tarantella changed into an elephant
 10584 | Gauntlet | Noticed a shining eye
 10584 | Gauntlet | a two-headed ogre changed into a shining eye
 10589 | Gauntlet | Noticed a cyclops
 10589 | Gauntlet | a shining eye changed into a cyclops
 10590 | Gauntlet | Found a transporter.
 10592 | Gauntlet | Noticed a torpor snail
 10592 | Gauntlet | an elephant changed into a torpor snail
 10594 | Gauntlet | Found a transporter.
 10595 | Gauntlet | a cyclops changed into a dream sheep
 10666 | Gauntlet | Noticed a wizard
 10675 | Gauntlet | Noticed a sun demon
 10702 | Gauntlet | Noticed a spark wasp
 10738 | Gauntlet | Noticed a great orb of eyes
 10739 | Gauntlet | Noticed a spark wasp
 10739 | Gauntlet | a great orb of eyes changed into a spark wasp
 10747 | Gauntlet | Noticed a cyclops
 10747 | Gauntlet | a redback changed into a cyclops
 10753 | Gauntlet | Noticed a moth of wrath
 10753 | Gauntlet | a cyclops changed into a moth of wrath
 10759 | Gauntlet | Noticed an anaconda
 10766 | Gauntlet | Noticed a satyr
 10766 | Gauntlet | a spark wasp changed into a satyr
 11124 | D:8      | Offered knowledge of Searing Ray by Vehumet.
 11128 | D:8      | Learned a level 2 spell: Searing Ray
 11252 | D:8      | Reached skill level 5 in Summonings
 11257 | D:8      | Reached *** piety under Vehumet
 12171 | D:10     | Entered Level 10 of the Dungeon
 12284 | D:10     | Offered knowledge of Stone Arrow by Vehumet.
 12648 | D:10     | Noticed Maurice
 12700 | D:10     | Noticed Sonja
 12705 | D:10     | Killed Sonja
 12918 | D:10     | Found a staircase to the Orcish Mines.
 12940 | D:10     | Killed Maurice
 12967 | D:10     | Reached skill level 5 in Evocations
 13151 | D:10     | Learned a level 3 spell: Stone Arrow
 13210 | D:10     | Reached XP level 11. HP: 54/54 MP: 23/30
 13223 | D:10     | Found Alinasmu's Assorted Antiques.
 13264 | D:10     | Noticed Grum
 13273 | D:10     | Killed Grum
 13568 | D:10     | Reached **** piety under Vehumet
 13692 | D:10     | Killed an unseen horror
 13692 | D:10     | Offered knowledge of Throw Icicle by Vehumet.
 13994 | Lair:1   | Learned a level 4 spell: Throw Icicle
 14605 | Lair:2   | Noticed Gastronok
 14627 | Lair:1   | Learned a level 4 spell: Cause Fear
 14895 | Lair:2   | Reached skill level 5 in Hexes
 15972 | Lair:2   | Learned a level 6 spell: Deflect Missiles
 16034 | Lair:3   | Reached skill level 1 in Charms
 16052 | Lair:3   | Noticed a death yak
 16193 | Lair:3   | Noticed a death yak
 16265 | Lair:3   | Reached skill level 5 in Charms
 16537 | Lair:3   | Noticed a death yak
 16795 | Lair:2   | Got an ebony lajatang
 16796 | Lair:2   | Identified the +2 lajatang "Fisugifu" {venom, MR+++ Str+4
                  | Int-5 Dex+4} (You found it on level 2 of the Lair of
                  | Beasts)
 16880 | Lair:2   | Killed Gastronok
 16880 | Lair:2   | Reached XP level 12. HP: 52/59 MP: 8/31
 17077 | Lair:3   | Noticed a death yak
 17086 | Lair:3   | Killed a death yak
 17090 | Lair:3   | Killed a death yak
 17096 | Lair:3   | Reached skill level 5 in Air Magic
 17259 | Lair:3   | Killed a death yak
 17266 | Lair:3   | Noticed a death yak
 17467 | Lair:3   | Killed a death yak
 17649 | Lair:3   | Killed a death yak
 17693 | Lair:3   | Found a staircase to the Shoals.
 18339 | Lair:4   | Noticed a death yak
 18845 | Lair:4   | Noticed an eight-headed hydra
 18854 | Lair:4   | Killed an eight-headed hydra
 18888 | Lair:4   | Noticed a death yak
 18910 | Lair:4   | Noticed a death yak
 18919 | Lair:4   | Killed a death yak
 18920 | Lair:4   | Killed a death yak
 18929 | Lair:4   | Killed a death yak
 18949 | Lair:4   | Found a staircase to the Snake Pit.
 19216 | Lair:4   | Reached skill level 10 in Charms
 19216 | Lair:4   | Noticed a death yak
 19531 | Lair:4   | Killed a death yak
 19531 | Lair:4   | Reached XP level 13. HP: 63/63 MP: 5/32
 19773 | Lair:4   | Reached skill level 10 in Air Magic
 19973 | Lair:5   | Noticed Kirke
 20177 | Lair:5   | Killed Kirke
 20392 | Lair:5   | Reached ***** piety under Vehumet
 20404 | Lair:5   | Offered knowledge of Lee's Rapid Deconstruction by Vehumet.
 20430 | Lair:5   | Reached skill level 14 in Spellcasting
 21465 | Lair:5   | Reached skill level 15 in Spellcasting
 21607 | Lair:5   | Learned a level 5 spell: Lee's Rapid Deconstruction
 21656 | Lair:6   | Entered Level 6 of the Lair of Beasts
 21800 | Lair:6   | Reached skill level 1 in Earth Magic
 22430 | Lair:6   | Reached skill level 5 in Earth Magic
 24404 | Lair:6   | Found a staircase to the Slime Pits.
 24439 | Lair:6   | Offered knowledge of Lightning Bolt by Vehumet.
 24439 | Lair:6   | Reached XP level 14. HP: 68/68 MP: 13/35
 25034 | Lair:6   | Learned a level 5 spell: Lightning Bolt
 25235 | Orc:1    | Entered Level 1 of the Orcish Mines
 25244 | Orc:1    | Reached skill level 10 in Earth Magic
 25428 | Orc:1    | Noticed an orc warlord
 25475 | Orc:1    | Found Nyqeas's Antique Weapon Shoppe.
 25481 | Orc:1    | Killed an orc warlord
 25797 | Orc:2    | Entered Level 2 of the Orcish Mines
 25797 | Orc:2    | Found a staircase to the Elven Halls.
 25805 | Orc:2    | Found Hoasmiv's Weapon Shoppe.
 26679 | Orc:2    | Reached skill level 5 in Dodging
 27344 | Orc:2    | Found Efruza Kixe's Gadget Shop.
 27351 | Orc:2    | Found Kicimy Tiddo's Food Emporium.
 27354 | Orc:2    | Found Sutux's Magic Scroll Emporium.
 27356 | Orc:2    | Found Liwudygg's Gadget Shop.
 27395 | Orc:2    | Bought a scroll of identify for 24 gold pieces
 27395 | Orc:2    | Bought a scroll of identify for 24 gold pieces
 27395 | Orc:2    | Bought a scroll of identify for 24 gold pieces
 27407 | Orc:2    | Bought a crystal ball of energy for 280 gold pieces
 27549 | Elf:1    | Entered Level 1 of the Elven Halls
 27909 | Elf:1    | Reached skill level 10 in Evocations
 29582 | Elf:1    | Noticed Asterion
 29590 | Elf:1    | Noticed a balrug
 29712 | Elf:1    | Slain by a +3 vampiric halberd

Skill      XL: |  1  2  3  4  5  6  7  8  9 10 11 12 13 14 |
---------------+-------------------------------------------+-----
Conjurations   | 2 3 4 6 8 10 11 12 13 | 13.1
Summonings     | 3 7 |  7.0
Spellcasting   | 6 9 13 15 | 15.0
Evocations     | 5 8 10 | 10.1
Hexes          | 6 |  6.9
Charms         | 7 10 | 10.5
Air Magic      | 3 9 10 | 10.0
Earth Magic    | 9 10 | 10.0
Dodging        | 8 |  8.2
Stealth        | 3 |  3.8
Translocations | |  1.1

Action                   |  1- 3 |  4- 6 |  7- 9 | 10-12 | 13-15 || total
-------------------------+-------+-------+-------+-------+-------++-------
Melee: Dagger            |       |     2 |       |       |       ||     2
       Rapier            |       |     1 |     7 |       |       ||     8
       Flail             |       |       |    10 |    11 |       ||    21
       Staff             |       |       |       |       |     1 ||     1
 Cast: Magic Dart        |    98 |    90 |   390 |   186 |    75 ||   839
       Conjure Flame     |       |     7 |    39 |    59 |    54 ||   159
       Mephitic Cloud    |       |     7 |    24 |    44 |    50 ||   125
       Blink             |       |     2 |     8 |    14 |    21 ||    45
       Call Imp          |       |     7 |    26 |    33 |     2 ||    68
       Searing Ray       |       |       |       |    22 |     1 ||    23
       Throw Icicle      |       |       |       |    88 |   109 ||   197
       Stone Arrow       |       |       |       |    99 |   317 ||   416
       Lee's Rapid Decon |       |       |       |       |     3 ||     3
       Cause Fear        |       |       |       |       |     5 ||     5
       Deflect Missiles  |       |       |       |       |     3 ||     3
       Lightning Bolt    |       |       |       |       |    50 ||    50
 Abil: Evoke Invisibilit |       |       |       |     3 |     8 ||    11
Evoke: Wand              |       |     1 |    12 |    22 |    23 ||    58
       Staff of energy   |       |       |       |       |    34 ||    34
       Crystal ball of e |       |       |       |       |     2 ||     2
  Use: Scroll            |       |     8 |     4 |     7 |    15 ||    34
       Potion            |       |       |     2 |     3 |     5 ||    10
 Stab: Confused          |       |       |     1 |       |       ||     1
  Eat: Chunk             |     2 |     8 |    13 |    11 |    52 ||    86
       Ration            |       |       |     2 |     5 |       ||     7
Armor: Robe              |     6 |    11 |    36 |    26 |       ||    79
       Steam dragon scal |       |       |       |       |    87 ||    87
Dodge: Dodged            |    19 |    20 |    59 |    50 |   124 ||   272
       Deflected         |       |       |       |       |    18 ||    18
